 Dungeon Sprint DCSS version 0.29-a0-43-g62a80824bf (webtiles) character file.

Game seed: 11359756119747415477

158551 rocky1 the End of an Era (level 16, -20/149 HPs)
             Began as a Demonspawn Fighter on Jan 31, 2022.
             Was the Champion of Qazlal.
             Killed from afar by Boris (63 damage)
             ... with an iron shot
             ... in the Dungeon (Sprint VII: "The Pits") on Feb 3, 2022.
             The game lasted 01:03:11 (8535 turns).

rocky1 the End of an Era (Demonspawn Fighter)       Turns: 8535, Time: 01:03:11

Health: -20/149    AC: 42    Str: 21    XL:     16   Next: 87%
Magic:  0/48       EV: 12    Int: 16    God:    Qazlal [******]
Gold:   199        SH: 24    Dex: 11    Spells: 46/53 levels left

rFire   + . .      SeeInvis +   b - +9 broad axe
rCold   + + .      Faith    .   c - +0 buckler
rNeg    . . .      Spirit   +   C - +3 plate armour {rF+}
rPois   +          Reflect  +   N - +0 hat "Bukej" {MP+9}
rElec   +          Harm     .   V - +2 cloak {Stlth+}
rCorr   +          Rampage  .   j - +1 pair of gloves
Will    ++++.      NoTele   +   (boots unavailable)
Stlth   ..........              y - amulet "Mekyskir" {Reflect rElec Int+4 SH+5}
HPRegen 0.34/turn               n - ring "Taurch" {Wiz rPois Will+++ rCorr Dex-3}
MPRegen 0.62/turn               w - ring "Furuxon" {rElec rC++ Str+2 Int-2 SInv}

@: protected from physical damage, studying 2 skills, repel missiles
A: hooves 3, thin metallic scales 3, icemail 2, magic shield, magic
regeneration, condensation shield, corrupting presence 1
}: 1/3 runes: silver
a: Renounce Religion, Upheaval, Elemental Force, Disaster Area


You were in the Dungeon.
You worshipped Qazlal.
Qazlal was exalted by your worship.
You visited 1 branch You collected 199 gold pieces.

Inventory:

Hand Weapons
 b - a +9 broad axe (weapon)
Armour
 c - a +0 buckler (worn)
 j - a +1 pair of gloves (worn)
 C - a +3 plate armour of fire resistance (worn)
 N - the +0 hat "Bukej" (worn) {MP+9}
   (You found it in the Dungeon)

   MP:        It affects your magic capacity (+9).
 V - a +2 cloak of stealth (worn)
Jewellery
 a - the ring of Zaucap {rF+ Slay+5}
   (You found it in the Dungeon)

   [ring of slaying]

   Slay:      It affects your accuracy & damage with ranged weapons and melee
   (+5).
   rF:        It protects you from fire.
 n - the ring "Taurch" (left hand) {Wiz rPois Will+++ rCorr Dex-3}
   (You found it in the Dungeon)

   [ring of wizardry]

   It improves your spell success rate.
   Dex:       It affects your dexterity (-3).
   rPois:     It protects you from poison.
   rCorr:     It protects you from acid and corrosion.
   Will:      It greatly increases your willpower.
 s - the ring "Jops" {Str+2 Int+6 Dex+4}
   (You found it in the Dungeon)

   [ring of intelligence]

   Str:       It affects your strength (+2).
   Int:       It affects your intelligence (+6).
   Dex:       It affects your dexterity (+4).
 w - the ring "Furuxon" (right hand) {rElec rC++ Str+2 Int-2 SInv}
   (You took it off a spriggan in the Dungeon)

   [ring of see invisible]

   Str:       It affects your strength (+2).
   Int:       It affects your intelligence (-2).
   rC:        It greatly protects you from cold.
   rElec:     It insulates you from electricity.
   SInv:      It lets you see invisible.
 y - the amulet "Mekyskir" (around neck) {Reflect rElec Int+4 SH+5}
   (You found it in the Dungeon)

   [amulet of reflection]

   It reflects blocked missile attacks.
   Int:       It affects your intelligence (+4).
   rElec:     It insulates you from electricity.
   SH:        It affects your SH (+5).
 J - the ring of Touhur {rF+ Int+3 Slay+5}
   (You found it in the Dungeon)

   [ring of slaying]

   Int:       It affects your intelligence (+3).
   Slay:      It affects your accuracy & damage with ranged weapons and melee
   (+5).
   rF:        It protects you from fire.
 L - the amulet of Ysuegg {rF+ Regen+ Str+4}
   (You found it in the Dungeon)

   [amulet of regeneration]

   Str:       It affects your strength (+4).
   rF:        It protects you from fire.
   Regen:     It increases your rate of health regeneration.
 S - the ring "Peditet" {Contam rC+ rN+ Str+9}
   (You found it in the Dungeon)

   [ring of protection from cold]

   Str:       It affects your strength (+9).
   rC:        It protects you from cold.
   rN:        It protects you from negative energy.
   Contam:    It causes magical contamination when unequipped.
Wands
 i - a wand of paralysis (8)
 K - a wand of flame (28)
Scrolls
 l - 5 scrolls of amnesia
 v - a scroll of silence
 x - 5 scrolls of enchant weapon
 F - 6 scrolls of fog
 G - 2 scrolls of enchant armour
 H - 6 scrolls of fear
 O - 2 scrolls of blinking
Potions
 d - 4 potions of brilliance
 e - 10 potions of curing
 f - 25 potions of heal wounds
 g - 10 potions of haste
 h - 8 potions of magic
 k - 2 potions of invisibility
 p - a potion of resistance
 q - 5 potions of mutation
 A - 2 potions of berserk rage
 B - 5 potions of might
Miscellaneous
 o - a condenser vane
 D - a lightning rod (4/4)
 E - a phantom mirror
 M - a tin of tremorstones (2/2)
 W - a phial of floods


   Skills:
 - Level 20.2 Fighting
 - Level 15.0(18.4) Axes
 - Level 11.3(14.6) Maces & Flails
 - Level 14.0(16.6) Polearms
 + Level 16.9 Armour
 + Level 16.6 Dodging
 + Level 14.7 Shields
 + Level 19.1 Spellcasting
 + Level 8.7 Ice Magic
 O Level 27 Invocations
 + Level 16.8 Evocations


You had 46 spell levels left.
You knew the following spells:

 Your Spells              Type           Power      Damage    Failure   Level
a - Ozocubu's Refrigerat  Ice            21%        4d9       96%         7

Your spell library contained the following spells:

 Spells                   Type           Power      Damage    Failure   Level
 Freeze                   Ice            100%       1d11      1%          1
 Frozen Ramparts          Ice            86%        1d10      1%          3
 Ozocubu's Armour         Ice            43%        N/A       1%          3
 Animate Skeleton         Necr           30%        N/A       16%         1
 Apportation              Tloc           30%        N/A       16%         1
 Pain                     Necr           60%        1d7       16%         1
 Sandblast                Erth           30%        2d9       16%         1
 Shock                    Conj/Air       60%        1d6       16%         1
 Slow                     Hex            60%        N/A       16%         1
 Sting                    Tmut/Pois      60%        1d6       16%         1
 Summon Small Mammal      Summ           60%        N/A       16%         1
 Call Imp                 Summ           15%        N/A       22%         2
 Passwall                 Tmut/Erth      12%        N/A       22%         2
 Hailstorm                Conj/Ice       29%        3d8       24%         4
 Ice Form                 Ice/Tmut       29%        N/A       24%         4
 Confusing Touch          Hex            15%        N/A       38%         3
 Ignite Poison            Fire/Tmut/Pois 15%        N/A       38%         3
 Spider Form              Tmut/Pois      15%        N/A       38%         3
 Stone Arrow              Conj/Erth      30%        3d8       38%         3
 Summon Guardian Golem    Hex/Summ       15%        N/A       38%         3
 Tukima's Dance           Hex            15%        N/A       38%         3
 Vampiric Draining        Necr           15%        2d7       38%         3
 Airstrike                Air            7%         N/A       78%         4
 Anguish                  Hex/Necr       7%         N/A       78%         4
 Fulminant Prism          Conj/Hex       7%         3d7       78%         4
 Olgreb's Toxic Radiance  Pois           15%        N/A       78%         4
 Passage of Golubria      Tloc           15%        N/A       78%         4
 Summon Lightning Spire   Summ/Air       15%        N/A       78%         4
 Simulacrum               Ice/Necr       14%        N/A       97%         6
 Agony                    Necr           15%        N/A       98%         5
 Alistair's Intoxication  Tmut/Pois      10%        N/A       98%         5
 Excruciating Wounds      Necr           7%         N/A       98%         5
 Fireball                 Conj/Fire      7%         3d5       98%         5
 Iskenderun's Battlesphe  Conj           15%        2d7       98%         5
 Lightning Bolt           Conj/Air       7%         1d20      98%         5
 Manifold Assault         Tloc           15%        N/A       98%         5
 Silence                  Hex/Air        7%         N/A       98%         5
 Summon Forest            Summ/Tloc      7%         N/A       98%         5
 Yara's Violent Unravell  Hex/Tmut       7%         3d5       98%         5
 Conjure Ball Lightning   Conj/Air       7%         3x3d6     100%        6
 Death Channel            Necr           7%         N/A       100%        6
 Eringya's Noxious Bog    Tmut/Pois      7%         N/A       100%        6
 Iron Shot                Conj/Erth      7%         9d2       100%        6
 Enfeeble                 Hex            7%         N/A       100%        7
 Haunt                    Necr/Summ      7%         N/A       100%        7
 Orb of Destruction       Conj           7%         9d6       100%        7
 Spellforged Servitor     Conj/Summ      7%         N/A       100%        7
 Lehudib's Crystal Spear  Conj/Erth      7%         10d3      100%        8
 Necromutation            Tmut/Necr      7%         N/A       100%        8
 Polar Vortex             Ice            21%        N/A       100%        9


Dungeon Overview and Level Annotations

Branches:
Dungeon (1/1)

Altars:
Ashenzari
Cheibriados
Dithmenos
Elyvilon
Fedhas
Gozag
Hepliaklqana
Kikubaaqudgha
Makhleb
Nemelex Xobeh
Okawaru
Qazlal
Ru
Sif Muna
Trog
Uskayaw
Vehumet
Wu Jian
Xom
Yredelemnul
Zin
The Shining One
Beogh
Jiyva
Lugonu

Annotations:
D Boris


Innate Abilities, Weirdness & Mutations

You have hooves in place of feet.
You are completely covered in thin metallic scales. (AC +4, rElec)
A meltable icy envelope protects you from harm. (AC +8)
When hurt, damage is shared between your health and your magic reserves.
You regenerate magic rapidly.
A meltable shield of frost defends you. (SH +4)
Your presence sometimes corrodes those you injure.


Message History

The green draconian monk tail-slaps you but does no damage. x2
You slash the death knight! Your kick misses the death knight.
The death knight is severely wounded.
You completely miss the green draconian monk.
You closely miss Boris.
The death knight hits you but does no damage.
You block Boris's attack. Boris barely misses you.
You hit the death knight. You kick the death knight.
The death knight is severely wounded.
You barely miss the green draconian monk.
You slash Boris! You block the death knight's attack. You block Boris's attack.
Boris touches you but does no damage.
Unknown command.
You slash the death knight! Your kick misses the death knight.
The death knight is severely wounded.
You miss the green draconian monk. You hit Boris.
The green draconian monk is engulfed in freezing vapours.
The green draconian monk seems to slow down.
You kill the green draconian monk!
Qazlal accepts your kill. The death knight closely misses you.
Boris points at you and mumbles some strange words.
The bolt of cold hits you! You resist.
* * * LOW HITPOINT WARNING * * *
Your life force feels restored.
You hit the death knight.
The death knight is almost dead.
You barely miss Boris.
You hear a roar!
You slice the death knight!!
You kill the death knight!
Qazlal accepts your kill.
You barely miss Boris. You block Boris's attack.
Boris touches you but does no damage.
You slice Boris!! You kick Boris, but do no damage.
Boris is severely damaged.
Boris casts a spell at you. The iron shot hits you!!!!
You feel more protected from physical attacks.
You die...

..#....#..#*,.#['#''#''#++******+
..........#*,[)...)....,,,,,,,,,,
..........#*,,[....≈!...,,,,,,,,,
..#....#..#####..#.≈#..#,,*,,*,,*
..........##..)....≈..L.,,,,,,,,,
..........##..'....≈....,,,,,,,,,
..#....#..##..#)'#+p#++*++******+
.......≈≈.'(..§L[#,,,,,*,,*,,,,*,
.......≈..''[.°°@#,,,,,*,,*,,,,+,
##''####''########***************
##''####''#######################
......##.............[...........
.#)##.##..(...)[.[).[).).........
.#[†+.##..##############('#######
,+|[#,##..#))#))#)..)#......#[[[[
,#[)+,*#..#))#))##''##.[....##'[#
,+.)#,*#..#.....#....#(..[..#....


You could see Boris.

Vanquished Creatures
  Dissolution (D)
  Khufu (D)
  An ancient lich (D)
  2 royal mummies (D)
  A Tzitzimitl (D)
  A deep elf blademaster (D)
  A deep elf master archer (D)
  2 death cobs (D)
  3 sphinxes (D)
  An Executioner (D)
  2 storm dragons (D)
  4 shadow dragons (D)
  4 nagarajas (D)
  A draconian monk (D)
  Donald (D)
  Aizul (D)
  A deep elf sorcerer (D)
  A frost giant (D)
  An emperor scorpion (D)
  16 orc warlords (D)
  An angel (D)
  2 ghouls (D)
  A balrug (D)
  2 stone giants (D)
  An ophan (D)
  A vampire knight (D)
  An apis (D)
  A black draconian (D)
  6 deep elf annihilators (D)
  3 yellow draconians (D)
  4 purple draconians (D)
  A white draconian (D)
  A red draconian (D)
  2 ettins (D)
  2 deep elf death magi (D)
  A mummy priest (D)
  A fire dragon (D)
  A merfolk impaler (D)
  4 deep elf high priests (D)
  A green death (D)
  3 vault guards (D)
  3 naga warriors (D)
  A rakshasa (D)
  2 boulder beetles (D)
  A hydra (D)
  A hell beast (D)
  2 spriggan air magi (D)
  2 death knights (D)
  An alligator (D)
  A merfolk avatar (D)
  4 death yaks (D)
  2 deep troll shamans (D)
  4 vampire magi (D)
  9 orc high priests (D)
  An iron troll (D)
  3 soul eaters (D)
  A deep elf knight (D)
  2 sun demons (D)
  2 shadow wraiths (D)
  2 spriggans (D)
  A sixfirhy (D)
  2 cherubim (D)
  An orb spider (shapeshifter) (D)
  2 deep trolls (D)
  A lindwurm (D)
  24 orc knights (D)
  A wizard (D)
  2 bog bodies (D)
  2 ugly things (D)
  7 orc sorcerers (D)
  2 manticores (D)
  2 wolf spiders (D)
  A cyclops (D)
  A naga mage (D)
  2 guardian serpents (D)
  A smoke demon (D)
  A molten gargoyle (D)
  An eye of devastation (shapeshifter) (D)
  A rust devil (D)
  A cane toad (D)
  An unseen horror (D)
  A gargoyle (D)
  3 demonic crawlers (D)
  A yaktaur (D)
  2 freezing wraiths (D)
  A hellion (D)
  An ice devil (D)
  2 rime drakes (D)
  A komodo dragon (D)
  A tormentor (D)
  A hellwing (D)
  A wandering mushroom (D)
  A polar bear (D)
  2 trolls (D)
  3 hornets (D)
  8 blink frogs (D)
  2 tyrant leeches (D)
  Prince Ribbit (D)
  2 merfolk (D)
  5 dream sheep (D)
  3 shadows (D)
  A culicivora (shapeshifter) (D)
  A spriggan (shapeshifter) (D)
  2 water elementals (D)
  A jumping spider (D)
  2 basilisks (D)
  Eustachio (D)
  A fire elemental (D)
  A chaos spawn (D)
  A vampire mosquito (D)
  An acid dragon (D)
  A water moccasin (D)
  2 floating eyes (D)
  2 swamp drakes (D)
  15 orc warriors (D)
  2 necrophages (D)
  3 centaurs (D)
  7 wolves (D)
  2 bullfrogs (D)
  4 scorpions (D)
  A killer bee (D)
  5 wights (D)
  An orc priest (D)
  An iguana (D)
  3 mummies (D)
  A gnoll (D)
  A river rat (D)
  A white imp (D)
  A worm (D)
  A worm (shapeshifter) (D)
  6 orcs (D)
  A bat skeleton (D)
  A hobgoblin (D)
  A jackal (D)
  A ball python skeleton (D)
  2 giant cockroach zombies (D)
  2 kobolds (D)
  A quokka zombie (D)
  A rat (D)
311 creatures vanquished.

Vanquished Creatures (others)
  A blink frog (D)
  2 killer bees (D)
  2 orc wizards (D)
  An orc (D)
  A frilled lizard (D)
7 creatures vanquished.

Grand Total: 318 creatures vanquished

Notes
Turn   | Place    | Note
-------+----------+-------------------------------------------
     0 | D        | rocky1 the Demonspawn Fighter began the quest for the Orb.
     0 | D        | Reached XP level 1. HP: 18/18 MP: 1/1
    21 | D        | Found a bloodstained altar of Trog.
    21 | D        | Found a shimmering blue altar of Sif Muna.
    21 | D        | Found a viscous altar of Jiyva.
    21 | D        | Found a hazy altar of Hepliaklqana.
    21 | D        | Found an opulent altar of Gozag.
    22 | D        | Found a basalt altar of Yredelemnul.
    22 | D        | Found a shimmering altar of Xom.
    22 | D        | Found an ornate altar of the Wu Jian Council.
    22 | D        | Found a sacrificial altar of Ru.
    22 | D        | Found a stormy altar of Qazlal.
    22 | D        | Found an iron altar of Okawaru.
    22 | D        | Found a sparkling altar of Nemelex Xobeh.
    22 | D        | Found a burning altar of Makhleb.
    22 | D        | Found a blossoming altar of Fedhas.
    22 | D        | Found a shadowy altar of Dithmenos.
    22 | D        | Found a snail-covered altar of Cheibriados.
    25 | D        | Found a corrupted altar of Lugonu.
    25 | D        | Found a radiant altar of Vehumet.
    26 | D        | Found an ancient bone altar of Kikubaaqudgha.
    26 | D        | Found a hide-covered altar of Uskayaw.
    26 | D        | Found a broken altar of Ashenzari.
    35 | D        | Became a worshipper of Qazlal Stormbringer
    48 | D        | Noticed a floating eye
    48 | D        | Paralysed by a floating eye for 2 turns
    62 | D        | HP: 1/27 [river rat (5)]
    64 | D        | Gained mutation: You have large cloven feet. [demonic
                  | ancestry]
    64 | D        | Reached XP level 2. HP: 1/24 MP: 2/2
    66 | D        | Killed a floating eye
    67 | D        | Reached XP level 3. HP: 1/29 MP: 3/3
    67 | D        | Gained mutation: You are partially covered in thin metallic
                  | scales. (AC +2) [demonic ancestry]
    67 | D        | Reached XP level 4. HP: 1/35 MP: 4/4
   394 | D        | Noticed a scorpion
   397 | D        | Reached * piety under Qazlal
   399 | D        | Killed a scorpion
   400 | D        | Reached XP level 5. HP: 41/41 MP: 5/5
   645 | D        | Noticed a floating eye
   651 | D        | Killed a floating eye
   651 | D        | Reached ** piety under Qazlal
   653 | D        | Noticed a necrophage
   664 | D        | Killed a necrophage
   665 | D        | Reached XP level 6. HP: 47/47 MP: 6/6
   750 | D        | Reached skill level 3 in Invocations
   752 | D        | Reached *** piety under Qazlal
   780 | D        | Reached skill level 4 in Invocations
   786 | D        | Reached skill level 5 in Invocations
   786 | D        | Gained mutation: A meltable shield of frost defends you.
                  | (SH +4) [demonic ancestry]
   786 | D        | Reached XP level 7. HP: 36/52 MP: 8/11
   792 | D        | Reached skill level 6 in Invocations
   792 | D        | Reached **** piety under Qazlal
  1006 | D        | Noticed a demonic crawler
  1017 | D        | Killed a demonic crawler
  1018 | D        | Reached skill level 9 in Invocations
  1261 | D        | Reached ***** piety under Qazlal
  1268 | D        | Reached skill level 10 in Invocations
  1268 | D        | Gained mutation: You have hoof-like feet. [demonic
                  | ancestry]
  1268 | D        | Reached XP level 8. HP: 58/58 MP: 15/15
  1491 | D        | Reached skill level 11 in Invocations
  1659 | D        | Noticed a gargoyle
  1660 | D        | Noticed a tyrant leech
  1662 | D        | Killed a tyrant leech
  1662 | D        | Killed a gargoyle
  1663 | D        | Reached skill level 12 in Invocations
  1909 | D        | Noticed a boulder beetle
  1920 | D        | Killed a boulder beetle
  1921 | D        | Reached skill level 5 in Fighting
  1921 | D        | Reached skill level 5 in Armour
  1921 | D        | Reached skill level 13 in Invocations
  1921 | D        | Gained mutation: You are mostly covered in thin metallic
                  | scales. (AC +3) [demonic ancestry]
  1921 | D        | Reached XP level 9. HP: 69/69 MP: 6/19
  2130 | D        | Reached skill level 5 in Dodging
  2284 | D        | Noticed an emperor scorpion
  2296 | D        | Killed an emperor scorpion
  2296 | D        | Killed a shadow wraith
  2297 | D        | Reached skill level 15 in Invocations
  2297 | D        | Gained mutation: You regenerate magic rapidly. [demonic
                  | ancestry]
  2297 | D        | Reached XP level 10. HP: 7/80 MP: 3/21
  2607 | D        | Noticed a vampire mage
  2611 | D        | Killed a vampire mage
  2805 | D        | Noticed a merfolk avatar
  2805 | D        | Noticed an orc knight
  2806 | D        | Noticed an orc knight
  2806 | D        | Noticed an orc knight
  2806 | D        | Noticed an orc knight
  2806 | D        | Noticed an orc warlord
  2806 | D        | Noticed an orc knight
  2807 | D        | Killed an orc knight
  2807 | D        | Killed an orc knight
  2807 | D        | Killed an orc knight
  2807 | D        | Killed an orc knight
  2807 | D        | Killed an orc knight
  2807 | D        | Noticed an orc warlord
  2808 | D        | Reached skill level 10 in Fighting
  2808 | D        | Reached skill level 16 in Invocations
  2808 | D        | Killed an orc knight
  2808 | D        | Killed an orc warlord
  2808 | D        | Killed an orc knight
  2808 | D        | Reached ****** piety under Qazlal
  2809 | D        | Reached skill level 10 in Armour
  2809 | D        | Reached skill level 17 in Invocations
  2809 | D        | Gained mutation: A meltable icy envelope protects you from
                  | harm. (AC +8) [demonic ancestry]
  2809 | D        | Reached XP level 11. HP: 93/93 MP: 5/23
  2810 | D        | Noticed a vampire mage
  2811 | D        | Killed a merfolk avatar
  2813 | D        | Noticed an orc knight
  2815 | D        | Killed a vampire mage
  2815 | D        | Killed an orc warlord
  2815 | D        | Killed an orc knight
  2815 | D        | Noticed a deep elf knight
  2816 | D        | Reached skill level 10 in Dodging
  2816 | D        | Reached skill level 18 in Invocations
  2817 | D        | Noticed a vault guard
  2818 | D        | Noticed an orc knight
  2821 | D        | Noticed a death yak
  2822 | D        | Killed a deep elf knight
  2822 | D        | Noticed a death yak
  2823 | D        | Noticed a naga warrior
  2826 | D        | Noticed an ettin
  2827 | D        | Noticed an orc knight
  2829 | D        | Noticed a death yak
  2841 | D        | Killed a death yak
  2841 | D        | Killed an orc knight
  2841 | D        | Killed a vault guard
  2841 | D        | Killed a death yak
  2841 | D        | Killed a naga warrior
  2842 | D        | Reached skill level 20 in Invocations
  2843 | D        | Killed an orc knight
  2844 | D        | Reached skill level 1 in Spellcasting
  2844 | D        | Gained mutation: Your presence sometimes corrodes those you
                  | injure. [demonic ancestry]
  2844 | D        | Reached XP level 12. HP: 107/107 MP: 11/26
  2844 | D        | Killed a death yak
  2856 | D        | Killed an ettin
  2953 | D        | Noticed a vault guard
  2964 | D        | Killed a vault guard
  2964 | D        | Noticed a vault guard
  2965 | D        | Reached skill level 21 in Invocations
  2971 | D        | Killed a vault guard
  2974 | D        | Noticed a naga warrior
  2982 | D        | Noticed a stone giant
  2997 | D        | Killed a naga warrior
  2999 | D        | Killed a stone giant
  3000 | D        | Reached skill level 15 in Fighting
  3000 | D        | Reached skill level 5 in Spellcasting
  3018 | D        | Noticed a naga warrior
  3033 | D        | Killed a naga warrior
  3425 | D        | Got the +9 flail of the Fox {flame, Stlth+}
  3488 | D        | Noticed a boulder beetle
  3496 | D        | Reached skill level 1 in Axes
  3499 | D        | Reached skill level 22 in Invocations
  3507 | D        | Killed a rakshasa
  3512 | D        | Noticed a five-headed hydra
  3519 | D        | Identified the ring "Furuxon" {rElec rC++ Str+2 Int-2 SInv}
  3521 | D        | Killed a five-headed hydra
  3522 | D        | Reached skill level 5 in Axes
  3524 | D        | Reached skill level 23 in Invocations
  3524 | D        | Gained mutation: You have hooves in place of feet. [demonic
                  | ancestry]
  3524 | D        | Reached XP level 13. HP: 18/119 MP: 16/28
  3968 | D        | Reached skill level 1 in Maces & Flails
  3980 | D        | Noticed Prince Ribbit
  3980 | D        | Noticed Eustachio
  3985 | D        | Killed Prince Ribbit
  3989 | D        | Killed Eustachio
  4442 | D        | Reached skill level 10 in Spellcasting
  4450 | D        | Reached skill level 24 in Invocations
  4465 | D        | Noticed a yellow draconian
  4482 | D        | Killed a yellow draconian
  4854 | D        | Reached skill level 5 in Maces & Flails
  4981 | D        | Got the +2 ring mail "Duur" {rElec Int+4}
  5098 | D        | Noticed Donald
  5098 | D        | Noticed a sphinx
  5098 | D        | Noticed a deep elf blademaster
  5098 | D        | Noticed an orc warlord
  5101 | D        | Killed a deep elf blademaster
  5101 | D        | Killed Donald
  5102 | D        | Killed a sphinx
  5102 | D        | Killed an orc warlord
  5247 | D        | Upgraded the game from 0.29-a0-23-ga79f92ac9c to
                  | 0.29-a0-43-g62a80824bf
  5443 | D        | Noticed a vampire knight
  5445 | D        | Reached skill level 25 in Invocations
  5446 | D        | Killed a vampire knight
  5472 | D        | Noticed a death cob
  5474 | D        | Noticed Aizul
  5480 | D        | Killed a death cob
  5481 | D        | Reached skill level 1 in Evocations
  5481 | D        | Gained mutation: When hurt, damage is shared between your
                  | health and your magic reserves. [demonic ancestry]
  5481 | D        | Reached XP level 14. HP: 127/131 MP: 19/30
  5490 | D        | Killed Aizul
  5527 | D        | Noticed a nagaraja
  5528 | D        | Noticed a storm dragon
  5536 | D        | Killed a nagaraja
  5542 | D        | Killed a storm dragon
  5617 | D        | Identified the +7 glaive "Hell-Harrower" {vorpal, rF+ MP+9
                  | Int+3}
  5665 | D        | Reached skill level 5 in Evocations
  5684 | D        | Noticed a nagaraja
  5691 | D        | Killed a nagaraja
  5692 | D        | Reached skill level 10 in Axes
  6139 | D        | Identified the +10 whip "Muobluh" {flame, *Slow rN+ Str+4
                  | Int+2}
  6139 | D        | Identified the +8 hand crossbow of Loubruex {speed, rPois
                  | MP+9 Stlth-}
  6318 | D        | Reached skill level 26 in Invocations
  6333 | D        | Noticed Dissolution
  6334 | D        | Noticed an angel
  6337 | D        | Killed Dissolution
  6337 | D        | Noticed a balrug
  6337 | D        | Noticed a Tzitzimitl
  6338 | D        | Reached skill level 10 in Maces & Flails
  6338 | D        | Killed a Tzitzimitl
  6338 | D        | Killed an angel
  6343 | D        | Killed a balrug
  6417 | D        | Noticed a shadow dragon
  6425 | D        | Noticed a ghoul
  6427 | D        | Killed a shadow dragon
  6432 | D        | Noticed a ghoul
  6436 | D        | Killed a ghoul
  6446 | D        | Killed a ghoul
  6447 | D        | Reached skill level 27 in Invocations
  6574 | D        | Got Ozadicvi's Handbook of the Birds and Intoxication
  6871 | D        | Got Sif Muna's Compendium of Shape Shifting and
                  | Contamination
  6979 | D        | Got the +0 hat "Bukej" {MP+9}
  7041 | D        | Noticed an orc warlord
  7041 | D        | Noticed an orc warlord
  7041 | D        | Noticed an orc warlord
  7041 | D        | Noticed an orc warlord
  7041 | D        | Identified the +8 hand crossbow "Som Hutt" {penet, rPois
                  | rF+}
  7041 | D        | Noticed an orc warlord
  7041 | D        | Noticed an orc warlord
  7041 | D        | Noticed an orc warlord
  7041 | D        | Noticed an orc warlord
  7041 | D        | Noticed an orc warlord
  7041 | D        | Noticed an orc warlord
  7045 | D        | Identified the amulet "Hevielliradd" {RegenMP rPois Int+4
                  | SInv}
  7045 | D        | Noticed an orc warlord
  7046 | D        | Noticed an orc warlord
  7046 | D        | Noticed an orc warlord
  7047 | D        | Killed an orc warlord
  7047 | D        | Killed an orc warlord
  7047 | D        | Killed an orc warlord
  7047 | D        | Killed an orc warlord
  7047 | D        | Killed an orc warlord
  7047 | D        | Killed an orc warlord
  7047 | D        | Killed an orc warlord
  7047 | D        | Killed an orc warlord
  7047 | D        | Killed an orc warlord
  7047 | D        | Killed an orc warlord
  7047 | D        | Killed an orc warlord
  7047 | D        | Killed an orc warlord
  7048 | D        | Reached skill level 10 in Shields
  7048 | D        | Gained mutation: You are completely covered in thin
                  | metallic scales. (AC +4, rElec) [demonic ancestry]
  7048 | D        | Reached XP level 15. HP: 95/141 MP: 22/35
  7050 | D        | Killed an orc warlord
  7243 | D        | Got a silver rune of Zot
  7253 | D        | Got the +0 robe "Bamydusy" {Harm rElec Str+2 Int-3}
  7275 | D        | Got the Volume of Intoxication and Black Rites
  7282 | D        | Got the Volume of Confrontation
  7429 | D        | Noticed a frost giant
  7440 | D        | Killed a frost giant
  7465 | D        | Noticed a sphinx
  7473 | D        | Killed a sphinx
  7491 | D        | Killed a deep elf sorcerer
  7509 | D        | Gained mutation: A meltable icy envelope protects you from
                  | harm. (AC +8) [demonic ancestry]
  7509 | D        | Reached XP level 16. HP: 45/149 MP: 26/36
  7515 | D        | Reached skill level 15 in Axes
  7596 | D        | Noticed a death cob
  7606 | D        | Killed a death cob
  7950 | D        | Got the Reference Book on Cold
  7964 | D        | Got Advanced Hermeneutics
  7979 | D        | Got the Almanac of Feathers
  7982 | D        | Got the Handbook of Companions and Flight
  7984 | D        | Got Vimaf's Last Secrets of Witchcraft
  8013 | D        | Learned a level 7 spell: Ozocubu's Refrigeration
  8079 | D        | Got the ring of Cuymicax {Contam rN+++ Will+ rCorr Stlth-}
  8081 | D        | Got the ring of Cafratz {Wiz +Blink rCorr}
  8083 | D        | Got the ring "Taurch" {Wiz rPois Will+++ rCorr Dex-3}
  8085 | D        | Got the ring of Royalty {+Blink Will- EV+6 Dex+5}
  8087 | D        | Got the ring "Jops" {Str+2 Int+6 Dex+4}
  8090 | D        | Got the ring of the Aged Dances {Fly rN+ Dex+4}
  8092 | D        | Got the ring "Ninuuf" {rElec Will+ Dex+3}
  8094 | D        | Got the ring "Ciczyisepp" {Ice Fly}
  8096 | D        | Got the ring of the Empire {rF+ rC+ rCorr Dex-2}
  8098 | D        | Got the ring "Deymp" {Ice rElec Str+4}
  8100 | D        | Got the ring of Kaut {Fire rCorr Str-5 Int+7}
  8103 | D        | Got the ring of Nizxium {rPois Will+ EV+6}
  8105 | D        | Got the ring "Jifyly" {Wiz Dex+3}
  8107 | D        | Got the ring "Aboaces" {*Slow rN+ Will+ Stlth+}
  8145 | D        | Got the ring of Zaucap {rF+ Slay+5}
  8147 | D        | Got the amulet "Zoijy" {Reflect Str+5 Dex+3 SH+5}
  8149 | D        | Got the amulet of the Stag {Spirit rElec Will+ MP-9}
  8151 | D        | Got the amulet of Ulou {Faith Str+2 Int+5}
  8154 | D        | Got the amulet "Xefuol" {Spirit -Cast Rampage Str+7 Dex-2}
  8157 | D        | Got the amulet "Mekyskir" {Reflect rElec Int+4 SH+5}
  8159 | D        | Got the ring of Jonetept {*Slow +Blink Int+3 Slay+5}
  8161 | D        | Got the amulet "Tebiolui" {Spirit +Inv Str+7}
  8163 | D        | Got the ring of Touhur {rF+ Int+3 Slay+5}
  8165 | D        | Got the amulet of Ysuegg {rF+ Regen+ Str+4}
  8167 | D        | Got the amulet "Xelacieh" {Faith +Blink +Inv rN+ Str-4}
  8170 | D        | Got the amulet "Efuineub" {rPois Regen+ rCorr Int+2 Dex+3}
  8172 | D        | Got the amulet "Ezedgh" {rF+ Regen+}
  8174 | D        | Got the ring "Peditet" {Contam rC+ rN+ Str+9}
  8277 | D        | Noticed a storm dragon
  8283 | D        | Reached skill level 1 in Ice Magic
  8289 | D        | Killed a storm dragon
  8397 | D        | Noticed a deep elf master archer
  8397 | D        | Noticed a royal mummy
  8398 | D        | Noticed Khufu
  8399 | D        | Reached skill level 15 in Armour
  8399 | D        | Killed a deep elf master archer
  8399 | D        | Killed a royal mummy
  8399 | D        | Killed Khufu
  8400 | D        | Reached skill level 15 in Dodging
  8400 | D        | Reached skill level 15 in Evocations
  8463 | D        | Noticed an Executioner
  8464 | D        | Noticed a royal mummy
  8466 | D        | Killed an Executioner
  8466 | D        | Killed a royal mummy
  8480 | D        | Noticed a shadow dragon
  8481 | D        | Noticed a sphinx
  8481 | D        | Noticed a shadow dragon
  8481 | D        | Killed a shadow dragon
  8481 | D        | Killed a shadow dragon
  8481 | D        | Killed a sphinx
  8491 | D        | Noticed an ancient lich
  8500 | D        | Noticed a shadow dragon
  8502 | D        | Noticed Boris
  8507 | D        | Killed an ancient lich
  8523 | D        | Killed a shadow dragon
  8535 | D        | Killed from afar by Boris

Illustrated notes

Levels and vault maps discovered:
D:        pitsprint [storerooms_1, entrance_room_1, metal_vault_1, armoury_1,
          mini_pit_1, grid_room_1, main_hall_1, silver_pit, the_coven_1,
          the_vestibule_1, steel_vault_4, golden_pit, hallway_of_sentries,
          crystal_vault_4, iron_vault_5, final_vault]

Skill      XL: |  1  2  3  4  5  6  7  8  9 10 11 12 13 14 15 16 |
---------------+-------------------------------------------------+-----
Polearms       | 3 6 7 11 13 14 | 14.0
Shields        | 3 6 10 11 14 | 14.7
Invocations    | 5 10 13 15 17 20 23 25 27 | 27.0
Fighting       | 5 8 11 14 16 18 20 | 20.2
Armour         | 5 7 10 11 13 14 16 | 16.9
Dodging        | 4 6 9 10 12 13 16 | 16.6
Spellcasting   | 1 8 12 16 19 | 19.1
Axes           | 5 8 14 15 | 15.0
Maces & Flails | 7 11 | 11.3
Evocations     | 1 12 13 16 | 16.8
Ice Magic      | 8 |  8.7

Action                   |  1- 3 |  4- 6 |  7- 9 | 10-12 | 13-15 | 16-18 || total
-------------------------+-------+-------+-------+-------+-------+-------++-------
Melee: Trident           |    19 |    32 |    92 |    85 |    25 |       ||   253
       Kick              |       |     7 |    22 |    29 |   110 |    36 ||   204
       Flail             |       |       |       |       |    85 |       ||    85
       Broad axe         |       |       |       |       |   165 |    87 ||   252
Invok: Upheaval          |       |       |    10 |    13 |    28 |     7 ||    58
       Disaster Area     |       |       |     1 |     6 |     8 |     5 ||    20
       Elemental Force   |       |       |       |       |       |     1 ||     1
Evoke: Tin of tremorston |       |       |       |       |     1 |       ||     1
  Use: Potion            |     1 |     1 |     1 |     3 |     5 |     2 ||    13
       Scroll            |       |       |     1 |     1 |       |     3 ||     5
 Stab: Confused          |       |       |       |       |     2 |       ||     2
       Paralysed         |       |       |       |       |       |     2 ||     2
Armor: Scale mail        |     1 |     3 |       |       |       |       ||     4
       Chain mail        |       |     1 |    24 |    18 |    80 |       ||   123
       Plate armour      |       |       |       |       |    60 |    48 ||   108
Dodge: Dodged            |     3 |     5 |     9 |    21 |    97 |    28 ||   163
       Repelled          |       |       |     1 |     1 |     3 |     1 ||     6
Block: Buckler           |     2 |     9 |    45 |    44 |   257 |    68 ||   425
       Reflection        |       |       |       |       |       |     1 ||     1

Table legend: (Time is in decaauts)
 A = Elapsed time spent in this place.
 B = Non-inter-level travel time spent in this place.
 C = Inter-level travel time spent in this place.
 D = Time resting spent in this place.
 E = Time spent auto-exploring this place.
 F = Levels seen in this place.
 G = Mean time per level.
                   A        B        C        D        E       F      G
               +--------+--------+--------+--------+--------+-----+--------+
         Total |   8506 |   8251 |    255 |   5359 |     11 |   1 | 8506.0 |
       Dungeon |   8506 |   8251 |    255 |   5359 |     11 |   1 | 8506.0 |
               +--------+--------+--------+--------+--------+-----+--------+

Top non-repeatable levels by time:
       D: 8506 daAuts
